 Dungeon Crawl Stone Soup version 0.23-a0-577-g2b1de94 (webtiles) character file.

194136 Firecrotchwizard the Warrior (level 18, -2/126 HPs)
             Began as a Gargoyle Fighter on Dec 15, 2018.
             Was the Champion of Makhleb.
             Slain by a tentacle (8 damage)
             ... attached to a kraken
             ... on level 1 of the Shoals.
             The game lasted 01:15:01 (25762 turns).

Firecrotchwizard the Warrior (Gargoyle Fighter)    Turns: 25762, Time: 01:15:01

Health: -2/126     AC: 29    Str: 32    XL:     18   Next: 29%
Magic:  0/37       EV: 17    Int: 10    God:    Makhleb [******]
Gold:   2031       SH: 15    Dex: 13    Spells: 15/17 levels left

rFire    . . .     SeeInvis .   v - +9 eveningstar (flame)
rCold    . . .     Gourm    .   c - +0 shield
rNeg     + + .     Faith    .   y - +0 troll leather armour {regen}
rPois    ∞         Spirit   +   h - +2 helmet
rElec    +         Reflect  .   A - scarf {repulsion}
rCorr    .         Harm     .   K - +2 pair of gloves
MR       +....                  B - +2 pair of boots
Stlth    +.........             l - amulet "Fojex" {Spirit Str+6}
HPRegen  0.71/turn              r - ring "Oshrolon" {rN+ MP+9 Dex+3}
MPRegen  0.25/turn              I - +3 ring of evasion

@: flying, repel missiles
A: big wings, negative energy resistance 1, electricity resistance, unbreathing,
petrification resistance, rot immunity, AC +13
}: 1/15 runes: serpentine
a: Stop Flying, Minor Destruction, Lesser Servant of Makhleb, Major Destruction,
Greater Servant of Makhleb, Renounce Religion


You were on level 1 of the Shoals.
You worshipped Makhleb.
Makhleb was exalted by your worship.
You were not hungry.

You visited 6 branches of the dungeon, and saw 29 of its levels.
You also visited: Sewer and Ossuary.

You collected 2874 gold pieces.
You spent 843 gold pieces at shops.

Inventory:

Hand Weapons
 v - a +9 eveningstar of flaming (weapon)
   (You acquired it on level 1 of the Snake Pit)
 S - a +0 hand crossbow of freezing
   (You found it on level 4 of the Lair of Beasts)
Missiles
 w - 2 throwing nets {=f, !d}
Armour
 a - a scarf of resistance
   (You acquired it on level 7 of the Dungeon)
 c - a +0 shield (worn)
 h - a +2 helmet (worn)
   (You took it off Robin on level 2 of the Dungeon)
 y - a +0 troll leather armour (worn) {regen}
   (You found it on level 5 of the Dungeon)
 A - a scarf of repulsion (worn)
   (You found it on level 1 of the Lair of Beasts)
 B - a +2 pair of boots (worn)
   (You found it on level 5 of the Dungeon)
 K - a +2 pair of gloves (worn)
   (You found it on level 9 of the Dungeon)
 T - a +2 buckler of fire resistance
   (You took it off a merfolk siren on level 1 of the Shoals)
Jewellery
 e - a +5 amulet of reflection {unknown}
   (You acquired it on level 1 of the Lair of Beasts)
 l - the amulet "Fojex" (around neck) {Spirit Str+6}
   (You bought it in a shop on level 2 of the Orcish Mines)

   [amulet of guardian spirit]

   It causes incoming damage to be split between your health and magic.
   It affects your strength (+6).
 o - an uncursed ring of wizardry {Wiz+, !d}
   (You found it on level 3 of the Dungeon)
 r - the ring "Oshrolon" (left hand) {rN+ MP+9 Dex+3}
   (You acquired it on level 2 of the Orcish Mines)

   [ring of magical power]

   It affects your dexterity (+3).
   It protects you from negative energy.
   It affects your magic capacity (+9).
 I - a +3 ring of evasion (right hand)
   (You found it on level 1 of the Lair of Beasts)
 O - an uncursed ring of resist corrosion
   (You found it on level 3 of the Lair of Beasts)
 R - an uncursed ring of protection from magic {MR+, !d}
   (You found it on level 4 of the Lair of Beasts)
Wands
 t - a wand of digging (11)
   (You found it on level 3 of the Dungeon)
 x - a wand of acid (25)
   (You found it on level 7 of the Dungeon)
 J - a wand of polymorph (10)
   (You found it on level 4 of the Snake Pit)
 M - a wand of scattershot (5)
   (You found it on level 12 of the Dungeon)
 N - a wand of iceblast (37)
   (You found it on level 2 of the Lair of Beasts)
Scrolls
 i - 13 scrolls of teleportation
 j - 11 scrolls of remove curse
 k - 6 scrolls of magic mapping {!r}
 z - a scroll of fog
 G - a scroll of blinking {!r}
 L - 2 scrolls of amnesia
 Q - a scroll of silence
 W - 5 scrolls of enchant armour
 X - a scroll of fear
Potions
 d - 12 potions of might
 g - 13 potions of curing
 m - 5 potions of berserk rage {!q}
 p - 6 potions of agility
 q - 5 potions of heal wounds
 s - 2 potions of invisibility
 u - a potion of lignification {!q}
 C - a potion of magic
 D - 3 potions of brilliance
 F - a potion of mutation {!q}
 H - 4 potions of resistance
 U - 3 potions of haste
Miscellaneous
 b - a phantom mirror
 E - a phial of floods
   (You found it on level 1 of the Lair of Beasts)
 P - a lightning rod (4/4)
   (You found it on level 4 of the Lair of Beasts)
 V - a box of beasts
Comestibles
 f - 36 rations
 n - 13 chunks of flesh {@w0}


   Skills:
 + Level 18.7 Fighting
 - Level 16.0 Maces & Flails
 - Level 9.2 Armour
 + Level 4.9 Dodging
 - Level 15.1 Shields
 + Level 2.9 Translocations
 - Level 14.5 Invocations


You had 15 spell levels left.
You knew the following spells:

 Your Spells              Type           Power        Failure   Level  Hunger
b - Blink                 Tloc           N/A          19%         2    ###....

Your spell library contained the following spells:

 Spells                   Type           Power        Failure   Level  Hunger
 Apportation              Tloc           #.....       12%         1    ##.....
 Shroud of Golubria       Chrm/Tloc      #.........   34%         2    ###....
 Gell's Gravitas          Tloc           #.........   36%         3    ####...
 Lesser Beckoning         Tloc           #.........   36%         3    ####...
 Teleport Other           Tloc           #.......     36%         3    ####...
 Animate Skeleton         Necr           N/A          38%         1    ##.....
 Confusing Touch          Hex            #.....       38%         1    ##.....
 Magic Dart               Conj           #...         38%         1    ##.....
 Pain                     Necr           #...         38%         1    ##.....
 Sandblast                Erth           #.....       38%         1    ##.....
 Shock                    Conj/Air       #...         38%         1    ##.....
 Summon Butterflies       Summ           #.......     38%         1    ##.....
 Summon Small Mammal      Summ           #...         38%         1    ##.....
 Call Imp                 Summ           #.......     52%         2    ###....
 Passwall                 Tmut/Erth      #.......     52%         2    ###....
 Slow                     Hex            #.......     52%         2    ###....
 Swiftness                Chrm/Air       #.......     52%         2    ###....
 Recall                   Summ/Tloc      N/A          56%         3    ####...
 Conjure Flame            Conj/Fire      #.......     77%         3    ####...
 Mephitic Cloud           Conj/Pois/Air  #.......     77%         3    ####...
 Regeneration             Chrm/Necr      #.........   77%         3    ####...
 Static Discharge         Conj/Air       #.......     77%         3    ####...
 Stone Arrow              Conj/Erth      #.....       77%         3    ####...
 Summon Guardian Golem    Hex/Summ       #.......     77%         3    ####...
 Tukima's Dance           Hex            #.......     77%         3    ####...
 Vampiric Draining        Necr           #.........   77%         3    ####...
 Passage of Golubria      Tloc           N/A          77%         4    #####..
 Airstrike                Air            #.........   99%         4    #####..
 Animate Dead             Necr           N/A          99%         4    #####..
 Petrify                  Tmut/Erth      #.......     99%         4    #####..
 Summon Lightning Spire   Summ/Air       #.......     99%         4    #####..
 Alistair's Intoxication  Tmut/Pois      #.......     100%        5    ######.
 Aura of Abjuration       Summ           #.........   100%        5    ######.
 Lee's Rapid Deconstruct  Erth           #.........   100%        5    ######.
 Lightning Bolt           Conj/Air       #.........   100%        5    ######.
 Silence                  Hex/Air        #.........   100%        5    ######.
 Summon Mana Viper        Hex/Summ       #.......     100%        5    ######.
 Conjure Ball Lightning   Conj/Air       #.........   100%        6    #######
 Deflect Missiles         Chrm/Air       #.........   100%        6    #######
 Invisibility             Hex            #.......     100%        6    #######
 Tornado                  Air            #.........   100%        9    #######


Dungeon Overview and Level Annotations

Branches:
Dungeon (15/15)            Temple (1/1) D:4            Lair (6/6) D:8
 Shoals (1/4) Lair:4        Snake (4/4) Lair:4        Slime (0/5) Lair:6
    Orc (2/2) D:10            Elf (0/3) Orc:2        Vaults (0/5) D:14
 Depths: D:15

Altars:
Ashenzari
Cheibriados
Dithmenos
Elyvilon
Fedhas
Hepliaklqana
Kikubaaqudgha
Makhleb
Nemelex Xobeh
Okawaru
Qazlal
Ru
Sif Muna
Trog
Wu Jian
Yredelemnul
Zin
The Shining One
Jiyva

Shops:
D:5 *   Orc:2 (}(=*

Annotations:
D:3 2 transporters, sleeves's ghost, amateur DsMo
Lair:4 2 transporters, 1 runed door, Evurewom's ghost, journeyman GrHu


Innate Abilities, Weirdness & Mutations

You are resistant to torment.
Your stone body is resilient. (AC +13)
You are immune to poison.
Your large and strong wings let you fly indefinitely.
You resist negative energy. (rN+)
You are resistant to electric shocks. (rElec)
You can survive without breathing.
You are immune to petrification.
You are immune to rotting.


Message History

The tentacle closely misses you. The tentacle slaps you.
You block the tentacle's attack.
The merfolk javelineer hits you from afar with a +0 spear.
You block the tentacle's attack. The tentacle slaps you.
You take 6 damage, and have 115/126 hp.
You now have 33/37 mp.
The tentacle slaps you but does no damage.
The tentacle closely misses you.
A tentacle segment bursts forth from the water. x2
The tentacle slaps you!
Tentacles burst out of the water!
You block the merfolk javelineer's attack.
You block the tentacle's attack. 2 tentacles come into view.
You take 5 damage, and have 110/126 hp.
You now have 32/37 mp.
The tentacle closely misses you. You block the kraken's attack.
The tentacle slaps you but does no damage.
You block the tentacle's attack.
The merfolk javelineer throws a javelin of returning.
The javelin of returning hits you but does no damage.
The weapon returns to the merfolk javelineer!
You block the tentacle's attack.
You hit the kraken. You burn the kraken. The tentacle closely misses you.
The kraken bites you but does no damage.
You block the tentacle's attack.
The tentacle slaps you but does no damage.
The merfolk javelineer throws a javelin of returning.
The javelin of returning hits you but does no damage.
The weapon returns to the merfolk javelineer!
You hit the kraken. You burn the kraken. The tentacle completely misses you.
You block the kraken's attack. The tentacle misses you.
You block the tentacle's attack.
The tentacle slaps you but does no damage.
You hit the kraken. You burn the kraken. You block the tentacle's attack.
The kraken bites you! The tentacle closely misses you.
The merfolk javelineer throws a javelin of returning.
You block the javelin of returning.
The weapon returns to the merfolk javelineer!
The tentacle slaps you! You block the tentacle's attack.
You take 17 damage, and have 95/126 hp.
You now have 27/37 mp.
You hit the kraken. You burn the kraken. You block the tentacle's attack.
The kraken bites you! The tentacle slaps you. You block the tentacle's attack.
The merfolk javelineer throws a javelin of returning.
You block the javelin of returning.
The weapon returns to the merfolk javelineer!
You take 9 damage, and have 86/126 hp.
You now have 25/37 mp.
You puncture the kraken! You burn the kraken. You block the tentacle's attack.
You block the kraken's attack. The tentacle closely misses you.
The tentacle slaps you! You block the tentacle's attack. x2
The merfolk javelineer throws a javelin of returning.
The javelin of returning is repelled.
The weapon returns to the merfolk javelineer!
You take 9 damage, and have 77/126 hp.
You now have 23/37 mp.
You hit the kraken. You burn the kraken. The kraken closely misses you.
The tentacle barely misses you. You block the tentacle's attack.
The tentacle slaps you but does no damage.
You block the tentacle's attack.
You impale the kraken!! You burn the kraken! You block the tentacle's attack.
The tentacle closely misses you. x2; You block the kraken's attack.
The tentacle slaps you but does no damage.
The merfolk javelineer throws a javelin of returning.
You block the javelin of returning.
The weapon returns to the merfolk javelineer!
The tentacle completely misses you. The tentacle barely misses you.
You skewer the kraken like a kebab!!! You burn the kraken!!
You block the tentacle's attack.
The kraken bites you but does no damage.
You block the tentacle's attack. The tentacle slaps you!!
The tentacle slaps you but does no damage.
You block the tentacle's attack.
The merfolk javelineer throws a javelin of returning.
The javelin of returning hits you!
The weapon returns to the merfolk javelineer!
You take 24 damage, and have 54/126 hp.
You now have 15/37 mp.
You hit the kraken but do no damage. The tentacle slaps you!
The kraken squirts a massive cloud of ink into the water!
The tentacle slaps you but does no damage.
The tentacle slaps you.
The tentacle slaps you but does no damage.
You take 12 damage, and have 42/126 hp.
You now have 12/37 mp.
You hit the kraken. You burn the kraken. The tentacle slaps you.
You block the kraken's attack.
The tentacle slaps you but does no damage.
You block the tentacle's attack.
The merfolk javelineer throws a javelin of returning.
The javelin of returning misses you.
The weapon returns to the merfolk javelineer!
The tentacle slaps you.
* * * LOW HITPOINT WARNING * * *
The tentacle barely misses you.
You take 6 damage, and have 36/126 hp.
You now have 10/37 mp.
You hit the kraken but do no damage. The kraken bites you!!
* * * LOW HITPOINT WARNING * * *
The tentacle slaps you but does no damage.
You block the tentacle's attack.
The tentacle slaps you but does no damage. x2
The merfolk javelineer throws a javelin of returning.
You block the javelin of returning.
The weapon returns to the merfolk javelineer!
You take 21 damage, and have 15/126 hp.
You now have 5/37 mp.
A demon appears!
The tentacle slaps you!
You die...

≈≈≈≈≈≈≈≈≈≈≈≈≈≈≈≈≈≈≈≈≈#
≈≈≈≈≈≈≈≈≈≈≈≈≈≈≈≈≈≈≈≈≈#
≈≈≈≈≈..≈≈≈≈≈≈≈≈≈≈≈≈≈≈#
≈≈≈≈≈...≈≈≈≈≈≈≈≈≈≈≈≈≈#
.≈≈≈≈≈≈≈..≈≈≈≈≈≈≈≈≈≈≈#
≈≈≈≈≈≈≈≈...≈≈≈≈≈≈≈≈≈≈#
...≈≈≈≈..(.≈≈≈§§§§§≈≈#
... .....≈≈≈www§≈≈# .#
≈.#..≈m2§@X§≈≈#
≈....≈≈.§§w§≈≈#
...≈≈≈≈≈§§§§≈≈#
.......≈≈≈≈≈≈≈#
......≈≈≈≈≈≈≈≈#
≈..≈≈≈≈≈≈≈≈≈≈#
≈≈≈≈≈≈≈≈≈≈≈≈≈#
...≈≈≈≈≈≈≈≈≈#


You could see a kraken, a merfolk javelineer, 4 tentacles and a friendly green
death.

Vanquished Creatures
  Rupert (Lair:6)
  8 nagarajas
  The ghost of hblade434 the Severer, a journeyman MiBe of Trog (Lair:6)
  Nessos (D:13)
  A merfolk impaler (Shoals:1)
  8 vault guards (D:14)
  Erolcha (D:11)
  Fannar (Lair:3)
  4 ogre magi (Orc:2)
  An ice dragon (Lair:6)
  9 hydras
  A catoblepas (Lair:6)
  Erica (D:11)
  14 naga warriors
  A deep troll shaman (Lair:6)
  14 anacondas
  15 two-headed ogres
  A satyr (Shoals:1)
  A centaur warrior (D:12)
  A tengu warrior (D:11)
  6 death yaks
  6 shock serpents
  18 naga sharpshooters
  Nergalle (D:12)
  2 salamander mystics (Snake:3)
  2 fire crabs (Shoals:1)
  9 sea snakes
  The ghost of zbzbzb the Carver, a novice OpWr of Okawaru (D:9)
  4 naga ritualists
  10 harpies
  2 orc knights (Orc:1)
  8 mana vipers
  2 oklob plants (Lair:1)
  2 deep elf magi
  4 manticores
  2 fauns (Shoals:1)
  6 ugly things
  A cyclops (Shoals:1)
  16 elephants
  12 salamanders
  Psyche (D:11)
  9 guardian serpents
  Joseph (D:7)
  37 black mambas
  Maurice (D:11)
  A molten gargoyle (Lair:3)
  18 naga magi
  A torpor snail (Lair:4)
  5 merfolk sirens (Shoals:1)
  3 spiny frogs
  3 komodo dragons
  2 kobold demonologists (D:9)
  2 tengu conjurers
  3 rime drakes
  3 polar bears
  5 merfolk (Shoals:1)
  A wind drake (Shoals:1)
  9 trolls
  3 meliai (D:12)
  18 blink frogs
  6 hippogriffs
  4 dream sheep (Shoals:1)
  5 snapping turtles
  A centaur simulacrum (D:14)
  Sigmund (D:6)
  A shadow (D:14)
  47 yaks
  5 wyverns
  A fire bat (Shoals:1)
  A wraith (D:12)
  Grum (D:11)
  3 hungry ghosts
  A warg (D:10)
  Menkaure (D:7)
  3 vampire mosquitoes (D:11)
  A death yak simulacrum (Lair:6)
  54 nagas
  Edmund (D:6)
  A soldier ant (D:12)
  7 water moccasins
  A floating eye (shapeshifter) (D:14)
  10 porcupines
  Duvessa (D:7)
  6 ice beasts
  13 orc warriors
  6 sky beasts
  2 eyes of draining
  2 black bears
  6 phantoms
  A black mamba simulacrum (Lair:6)
  2 necrophages
  14 wolves
  32 ogres
  10 centaurs
  9 crocodiles
  A crocodile (shapeshifter) (D:14)
  12 big kobolds
  Blork the orc (D:6)
  22 bullfrogs
  A gnoll sergeant (D:9)
  5 scorpions
  Dowan (D:7)
  5 killer bees (D:8)
  A dream sheep simulacrum (Lair:6)
  3 electric eels
  4 howler monkeys
  6 crimson imps
  A human zombie (Ossuary)
  5 centaur zombies
  A bullfrog zombie (D:10)
  A quasit (D:11)
  11 hounds
  A komodo dragon simulacrum (Lair:6)
  5 jellies
  4 centaur skeletons
  8 orc priests
  6 bullfrog skeletons
  13 orc wizards
  An iguana (D:4)
  8 worker ants
  2 big kobold zombies (Ossuary)
  3 hound zombies
  2 hound skeletons
  3 mummies (Ossuary)
  A worker ant zombie (D:6)
  Robin (D:2)
  7 gnolls
  16 adders
  4 river rats (Sewer)
  4 shadow imps
  7 oozes
  10 adder zombies (Ossuary)
  2 adder skeletons
  3 worms
  2 dart slugs (D:2)
  3 leopard geckos
  58 orcs
  11 bats
  9 giant cockroaches
  18 hobgoblins
  14 jackals
  9 kobolds
  8 quokkas
  4 ball pythons (Sewer)
  5 frilled lizards
  A gnoll zombie (Ossuary)
  17 goblins
  3 goblin zombies (Ossuary)
  2 hobgoblin zombies (Ossuary)
  2 jackal zombies (Ossuary)
  4 kobold zombies (Ossuary)
  3 orc zombies (Ossuary)
  14 rats
  A rat zombie (Ossuary)
965 creatures vanquished.

Vanquished Creatures (collateral kills)
  A sea snake (Snake:4)
  2 nagas
3 creatures vanquished.

Vanquished Creatures (others)
  A naga warrior (Snake:4)
  A manticore (Shoals:1)
  A crocodile (D:8)
  A big kobold (D:9)
  2 adders (D:8)
  A bush (Lair:6)
  16 fungi
  11 plants
  3 tentacles (Shoals:1)
  10 toadstools (Lair:4)
47 creatures vanquished.

Grand Total: 1015 creatures vanquished

Notes
Turn   | Place    | Note
-------+----------+-------------------------------------------
     0 | D:1      | Firecrotchwizard the Gargoyle Fighter began the quest for
                  | the Orb.
     0 | D:1      | Reached XP level 1. HP: 14/14 MP: 1/1
    54 | D:1      | Reached XP level 2. HP: 19/19 MP: 2/2
   237 | D:1      | Reached XP level 3. HP: 18/23 MP: 3/3
   514 | D:1      | Reached skill level 3 in Maces & Flails
  1002 | D:2      | Reached XP level 4. HP: 29/29 MP: 4/4
  1017 | D:2      | Found a sacrificial altar of Ru.
  1066 | D:2      | Reached skill level 4 in Fighting
  1071 | D:2      | Reached skill level 4 in Shields
  1079 | D:2      | HP: 7/29 [something (1)]
  1378 | D:2      | Noticed Robin
  1415 | D:2      | HP: 7/29 [Robin/+0 trident (1)]
  1418 | D:2      | HP: 3/29 [Robin/+0 trident (3)]
  1418 | D:2      | HP: 1/29 [goblin[Robin] (2)]
  1419 | D:2      | Killed Robin
  1419 | D:2      | Reached XP level 5. HP: 1/33 MP: 5/5
  1459 | D:2      | HP: 4/33 [bat (1)]
  1464 | D:2      | HP: 4/33 [goblin[Robin] (1)]
  1469 | D:2      | HP: 1/33 [goblin/+0 club[Robin] (3)]
  1925 | D:2      | Reached skill level 4 in Maces & Flails
  1927 | D:2      | Found a stormy altar of Qazlal.
  1931 | D:2      | Found a deep blue altar of Sif Muna.
  2248 | D:3      | Found a transporter.
  2248 | D:3      | Noticed sleeves's ghost (amateur DsMo)
  2579 | D:3      | Reached XP level 6. HP: 21/39 MP: 6/6
  2774 | D:3      | Found a transporter.
  3194 | D:4      | Found a glowing drain.
  3208 | Sewer    | Entered a sewer
  3429 | Sewer    | Reached skill level 5 in Fighting
  3429 | Sewer    | Reached skill level 5 in Maces & Flails
  3466 | Sewer    | Reached skill level 5 in Shields
  3466 | Sewer    | Reached XP level 7. HP: 39/44 MP: 7/7
  3991 | D:4      | Found a staircase to the Ecumenical Temple.
  3999 | Temple   | Entered the Ecumenical Temple
  4054 | Temple   | Became a worshipper of Makhleb the Destroyer
  4183 | D:4      | Reached skill level 6 in Maces & Flails
  4221 | D:4      | Found a shattered altar of Ashenzari.
  4450 | D:4      | Reached XP level 8. HP: 51/51 MP: 8/8
  4524 | D:5      | Entered Level 5 of the Dungeon
  4755 | D:5      | Reached skill level 6 in Fighting
  4755 | D:5      | Reached skill level 6 in Shields
  4860 | D:5      | Reached skill level 7 in Maces & Flails
  4936 | D:5      | Reached * piety under Makhleb
  5142 | D:5      | Found Goomimnu's General Store.
  5240 | D:6      | Noticed Blork the orc
  5267 | D:6      | Killed Blork the orc
  5274 | D:6      | Noticed Edmund
  5319 | D:6      | Killed Edmund
  5319 | D:6      | Reached skill level 8 in Maces & Flails
  5319 | D:6      | Reached XP level 9. HP: 56/56 MP: 9/9
  5345 | D:6      | Reached skill level 7 in Fighting
  5345 | D:6      | Reached skill level 7 in Shields
  5398 | D:6      | Noticed Sigmund
  5404 | D:6      | Killed Sigmund
  5520 | D:6      | Found a hazy altar of Hepliaklqana.
  5561 | D:6      | Got a pitted flail
  5562 | D:6      | Identified the +9 flail of Sequestration {crush, Str+3
                  | Dex+4 Stlth-} (You found it on level 6 of the Dungeon)
  5592 | D:6      | Found a deep blue altar of Sif Muna.
  5748 | D:7      | Identified a scroll of acquirement
  5786 | D:7      | Noticed Dowan
  5789 | D:7      | Noticed Duvessa
  5794 | D:7      | Killed Dowan
  5802 | D:7      | Killed Duvessa
  5802 | D:7      | Reached skill level 9 in Maces & Flails
  5879 | D:7      | Reached ** piety under Makhleb
  5935 | D:7      | Noticed Joseph
  5946 | D:7      | Killed Joseph
  5946 | D:7      | Reached skill level 8 in Fighting
  5946 | D:7      | Reached skill level 8 in Shields
  5956 | D:7      | Noticed Menkaure
  5961 | D:7      | Killed Menkaure
  5982 | D:7      | Noticed a two-headed ogre
  5991 | D:7      | Killed a two-headed ogre
  5991 | D:7      | Reached skill level 10 in Maces & Flails
  5991 | D:7      | Reached XP level 10. HP: 52/65 MP: 10/10
  6139 | D:7      | Found a glowing golden altar of the Shining One.
  6253 | D:7      | Found a basalt altar of Yredelemnul.
  6356 | D:7      | Found a white marble altar of Elyvilon.
  6552 | D:8      | Found a staircase to the Lair.
  6704 | D:8      | Found a sand-covered staircase.
  6713 | D:8      | Reached skill level 9 in Shields
  6715 | Ossuary  | Entered an ossuary
  6741 | Ossuary  | Reached *** piety under Makhleb
  6838 | Ossuary  | Reached skill level 9 in Fighting
  6995 | D:8      | Reached **** piety under Makhleb
  7036 | D:8      | Found a bloodstained altar of Trog.
  7069 | D:8      | Reached skill level 11 in Maces & Flails
  7242 | D:8      | Noticed a four-headed hydra
  7249 | D:8      | Killed a four-headed hydra
  7533 | D:9      | Reached XP level 11. HP: 70/71 MP: 11/11
  7566 | D:9      | Reached skill level 10 in Shields
  7734 | D:9      | Found a runed gate.
  7734 | D:9      | Found a runed gate.
  7734 | D:9      | Found a runed gate.
  7734 | D:9      | Noticed zbzbzb's ghost (novice OpWr)
  8465 | D:10     | Entered Level 10 of the Dungeon
  8650 | Lair:1   | Entered Level 1 of the Lair of Beasts
  8690 | Lair:1   | Reached skill level 12 in Maces & Flails
  8699 | Lair:1   | Reached ***** piety under Makhleb
  8708 | Lair:1   | Reached skill level 10 in Fighting
  8802 | Lair:1   | Reached skill level 11 in Shields
  8853 | Lair:1   | Noticed a seven-headed hydra
  8878 | Lair:1   | Killed a seven-headed hydra
  8969 | Lair:1   | Identified the Handbook of Dried Tears
  8977 | Lair:1   | Noticed an oklob plant
  8977 | Lair:1   | Noticed an oklob plant
  9082 | Lair:1   | Noticed a seven-headed hydra
  9089 | Lair:1   | HP: 18/73 [seven-headed hydra (5)]
  9092 | Lair:1   | HP: 7/73 [seven-headed hydra (2)]
  9093 | Lair:1   | Killed a seven-headed hydra
  9401 | Lair:2   | Reached XP level 12. HP: 78/78 MP: 12/12
  9867 | Lair:2   | Reached skill level 12 in Shields
  9907 | Lair:2   | Reached skill level 13 in Maces & Flails
 10247 | Lair:3   | Noticed Fannar
 10268 | Lair:3   | Killed Fannar
 10523 | Lair:3   | Reached skill level 11 in Fighting
 11021 | Lair:4   | Found a transporter.
 11025 | Lair:4   | Noticed Evurewom's ghost (journeyman GrHu)
 11026 | Lair:4   | Found a transporter.
 11134 | Lair:4   | Found a staircase to the Snake Pit.
 11169 | Lair:4   | Reached skill level 13 in Shields
 11414 | Lair:4   | Reached skill level 14 in Maces & Flails
 11419 | Lair:4   | Reached XP level 13. HP: 84/84 MP: 13/13
 11651 | Lair:4   | Found a staircase to the Shoals.
 11707 | Lair:4   | Reached skill level 14 in Shields
 11753 | Lair:4   | Reached skill level 12 in Fighting
 11789 | Lair:4   | Found a runed door.
 12162 | Lair:5   | Reached skill level 1 in Invocations
 12240 | Lair:5   | Reached skill level 2 in Invocations
 12869 | Lair:6   | Entered Level 6 of the Lair of Beasts
 12890 | Lair:6   | Reached skill level 3 in Invocations
 13000 | Lair:6   | Found a runed gate.
 13000 | Lair:6   | Found a runed gate.
 13000 | Lair:6   | Found a runed gate.
 13071 | Lair:6   | Noticed an ice dragon
 13122 | Lair:6   | Got a polished chain mail
 13169 | Lair:6   | Identified the cursed +1 chain mail of Kiogox {*Drain rElec
                  | rPois rC+++} (You found it on level 6 of the Lair of
                  | Beasts)
 13238 | Lair:6   | Found a viscous altar of Jiyva.
 13239 | Lair:6   | Found a staircase to the Slime Pits.
 13391 | Lair:6   | Noticed Rupert
 13434 | Lair:6   | Killed Rupert
 13434 | Lair:6   | Reached skill level 15 in Shields
 13434 | Lair:6   | Reached skill level 4 in Invocations
 13665 | Lair:6   | Reached skill level 5 in Invocations
 13674 | Lair:6   | Reached skill level 13 in Fighting
 13674 | Lair:6   | Gained mutation: Your large and strong wings let you fly
                  | indefinitely. [Gargoyle growth]
 13674 | Lair:6   | Reached XP level 14. HP: 67/94 MP: 16/18
 13727 | Lair:6   | Reached skill level 6 in Invocations
 13978 | Lair:6   | Noticed hblade434's ghost (journeyman MiBe)
 14077 | Lair:6   | Reached ****** piety under Makhleb
 14080 | Lair:6   | Reached skill level 7 in Invocations
 14244 | Lair:6   | Killed hblade434's ghost
 14291 | Lair:6   | Got the ring "Ukhach" {Fire}
 14307 | Lair:6   | Identified the ring "Ukhach" {Fire *Corrode Str+2 Int+3}
                  | (You found it on level 6 of the Lair of Beasts)
 14678 | D:10     | Found a staircase to the Orcish Mines.
 15075 | D:11     | Noticed Psyche
 15076 | D:11     | Noticed Erica
 15082 | D:11     | Killed Psyche
 15094 | D:11     | Killed Erica
 15094 | D:11     | Reached skill level 14 in Fighting
 15094 | D:11     | Reached skill level 8 in Invocations
 15156 | D:11     | Found a shadowy altar of Dithmenos.
 15159 | D:11     | Noticed Maurice
 15168 | D:11     | Killed Maurice
 15232 | D:11     | meem: I am meem, an upgrade of beem built by MalcolmRose
                  | (check out Malcolm's DCSS vids and other projects at
                  | http://youtube.com/malcolmrosegaming). To have me follow
                  | you in your games, type !subscribemeem - to make me go away
                  | forever, type !quitmeem - For help, type: !meem
 15263 | D:11     | Noticed Grum
 15278 | D:11     | Killed Grum
 15363 | D:11     | Noticed Erolcha
 15379 | D:11     | Killed Erolcha
 15794 | D:12     | Reached skill level 9 in Invocations
 16319 | D:12     | Noticed Nergalle
 16337 | D:12     | Killed Nergalle
 16626 | D:9      | Paralysed by a big kobold for 4 turns
 16632 | D:9      | Killed zbzbzb's ghost
 16655 | D:9      | Reached skill level 4 in Armour
 16879 | D:13     | Reached XP level 15. HP: 101/101 MP: 22/22
 17111 | D:13     | Reached skill level 5 in Armour
 17151 | D:13     | Noticed Nessos
 17163 | D:13     | Killed Nessos
 17163 | D:13     | Reached skill level 10 in Invocations
 17299 | D:13     | Reached skill level 15 in Fighting
 17532 | D:13     | Got a twisted scale mail
 17668 | D:14     | Found a sparkling altar of Nemelex Xobeh.
 17777 | D:14     | Found a gate to the Vaults.
 17799 | D:14     | Reached skill level 6 in Armour
 17852 | D:14     | Found a shattered altar of Ashenzari.
 18397 | D:15     | Entered Level 15 of the Dungeon
 18542 | Orc:1    | Entered Level 1 of the Orcish Mines
 18729 | Orc:1    | Reached skill level 7 in Armour
 18800 | Orc:2    | Entered Level 2 of the Orcish Mines
 18821 | Orc:1    | Reached skill level 11 in Invocations
 18910 | Orc:2    | Found Eevat's Eclectic Emporium.
 19008 | Orc:2    | Found a staircase to the Elven Halls.
 19291 | Orc:2    | Reached skill level 8 in Armour
 19348 | Orc:2    | Reached skill level 16 in Fighting
 19372 | Orc:2    | Found Cutowih's Jewellery Emporium.
 19372 | Orc:2    | Found Bevol's Gadget Boutique.
 19372 | Orc:2    | Found Lauk's Antique Weapon Boutique.
 19372 | Orc:2    | Found Donuh's Weapon Shoppe.
 19925 | Orc:2    | Got a vibrating jade ring
 19926 | Orc:2    | Identified the ring "Oshrolon" {rN+ MP+9 Dex+3} (You
                  | acquired it on level 2 of the Orcish Mines)
 20068 | Orc:2    | Bought the amulet "Fojex" {Spirit Str+6} for 843 gold
                  | pieces
 20377 | Snake:1  | Entered Level 1 of the Snake Pit
 20417 | Snake:1  | Reached XP level 16. HP: 110/110 MP: 24/24
 20429 | Snake:1  | Reached skill level 12 in Invocations
 20517 | Snake:1  | Reached skill level 9 in Armour
 22324 | Snake:2  | Reached skill level 15 in Maces & Flails
 22332 | Snake:2  | Reached skill level 13 in Invocations
 22586 | Snake:3  | Noticed a nagaraja
 22595 | Snake:3  | Killed a nagaraja
 22642 | Snake:3  | Reached skill level 17 in Fighting
 22686 | Snake:3  | Reached XP level 17. HP: 99/117 MP: 16/26
 23217 | Snake:4  | Entered Level 4 of the Snake Pit
 23403 | Snake:4  | HP: 28/117 [naga warrior/+0 mace (5)]
 23405 | Snake:4  | HP: 13/117 [anaconda (6)]
 23406 | Snake:4  | HP: 6/117 [naga warrior/+0 glaive (2)]
 23515 | Snake:4  | Reached skill level 16 in Maces & Flails
 23712 | Snake:4  | Reached skill level 14 in Invocations
 24361 | Snake:4  | Reached skill level 18 in Fighting
 24400 | Snake:4  | Reached skill level 1 in Dodging
 24483 | Snake:4  | Reached skill level 2 in Dodging
 24703 | Snake:4  | Reached skill level 3 in Dodging
 24838 | Snake:4  | Reached XP level 18. HP: 126/126 MP: 28/28
 25030 | Snake:4  | Got a serpentine rune of Zot
 25143 | Snake:4  | Reached skill level 4 in Dodging
 25248 | Shoals:1 | Entered Level 1 of the Shoals
 25255 | Shoals:1 | Learned a level 2 spell: Blink
 25307 | Shoals:1 | Reached skill level 1 in Translocations
 25494 | Shoals:1 | Reached skill level 2 in Translocations
 25761 | Shoals:1 | HP: 15/126 [kraken (21)]
 25762 | Shoals:1 | Slain by a tentacle

Vault maps used:
D:1:      dpeg_arrival_tiny_a, serial_aquarium, aquarium_bridge_square,
          aquarium_bridge_straight, aquarium_window_2, aquarium_window_2,
          aquarium_view_2e, aquarium_view_2a, aquarium_balcony_5b, minivault_25
D:2:      nicolae_ru_sacrificial_ziggurat, minitemple, first_ration,
          minmay_cut_off, uniq_robin
D:3:      gammafunk_ghost_mausoleum
D:4:      cheibrodos_ashenzari_chains, minmay_temple_entry_slanted,
          gup_sewer_entry_bubbles, hangedman_decor_push, roderic_lattice_a,
          minmay_quantized
D:5:      minmay_inner_zag, serial_shops, nicolae_shop_behind_doors
D:6:      marbit_many_paths, basic_altar, uniq_edmund, uniq_blork_the_orc,
          uniq_sigmund
D:7:      kennysheep_ying_yang, nicolae_tso_swordbearing_angel, uniq_duvessa,
          uniq_joseph, uniq_menkaure
D:8:      lightli_temple_of_fire, due_lair_maze_entry_diamond,
          chequers_ossuary_entry_cave, lemuel_flame_loot_1
D:9:      gammafunk_ghost_nasty_kobolds, serial_co_window_serial,
          co_window_cross_1, co_window_paths_a, co_window_of_opportunity_a,
          co_window_paths_a, co_window_corner_a, co_window_of_opportunity_b,
          co_window_2corner, co_window_broadway_c, glass_columns_c,
          glass_columns_a, glass_columns_a, glass_columns_a
D:10:     erik_orc_3
D:11:     grunt_tengu_nest, nicolae_dithmenos_through_a_glass_darkly, uniq_grum,
          uniq_erolcha, uniq_maurice, uniq_erica, uniq_psyche
D:12:     minmay_misc_feat_secret_circle, minmay_misc_feat_ornament,
          uniq_nergalle
D:13:     uniq_nessos
D:14:     erik_vaults_2, basic_altar, lemuel_round_altar
D:15:     hangedman_depths_entry_civil_slaughter, gammafunk_ghost_necromancy,
          chequers_serial_rivers_micro_b, uniq_josephine
Temple:   dshaligram_water_room_temple
Lair:1:   grunt_megastairs_2, minmay_lair_oklob_chamber
Lair:3:   grunt_megastairs_1, uniq_fannar
Lair:4:   gammafunk_lair_enchanted_lake, minmay_shoals_entry_hut,
          guppyfry_snake_entry_garden, gammafunk_ghost_arena
Lair:5:   st_stairs_8, nicolae_quartered_pool_super,
          chequers_serial_rivers_marsh, chequers_serial_rivers_micro_e,
          grunt_megastairs_4
Lair:6:   grunt_lair_end_beastmaster, dpeg_slime_entry_enclosed_altar,
          gammafunk_ghost_icy, wad_woods_06, uniq_rupert
Shoals:1: hangedman_shoal_volcano
Snake:1:  st_stairs_10, serial_bayou_pond_c, hangedman_snake_corridor_split
Snake:3:  serial_bayou_lagoon_a
Snake:4:  grunt_snake_rune_pools, corexii_hall_statues_u
Orc:1:    cheibrodos_orc_bank
Orc:2:    st_orc_ogre_mass, nicolae_alphabet_shops
Sewer:    sewer_co_tree
Ossuary:  minmay_ossuary_two_tombs

Skill      XL: |  1  2  3  4  5  6  7  8  9 10 11 12 13 14 15 16 17 18 |
---------------+-------------------------------------------------------+-----
Maces & Flails | 3 4 5 6 8 10 11 12 14 15 16 | 16.0
Fighting       | 4 5 6 8 9 10 11 13 14 16 17 18 | 18.7
Shields        | 4 5 6 8 9 11 13 15 | 15.1
Invocations    | 5 9 11 13 14 | 14.5
Armour         | 4 8 9 |  9.2
Dodging        | 3 4 |  4.9
Translocations | 2 |  2.9

Action                   |  1- 3 |  4- 6 |  7- 9 | 10-12 | 13-15 | 16-18 || total
-------------------------+-------+-------+-------+-------+-------+-------++-------
Melee: Flail             |   139 |   194 |    63 |   636 |  1278 |    19 ||  2329
       Hand axe          |       |    93 |   225 |       |       |       ||   318
       Unarmed           |       |       |    11 |       |       |       ||    11
       Eveningstar       |       |       |       |       |       |   927 ||   927
Invok: Lesser Servant of |       |       |       |     1 |     1 |       ||     2
       Major Destruction |       |       |       |       |     3 |     1 ||     4
       Greater Servant o |       |       |       |       |       |     3 ||     3
 Abil: Fly               |       |       |       |       |     1 |       ||     1
Evoke: Wand              |       |       |     7 |     1 |       |       ||     8
  Use: Scroll            |       |     4 |     6 |     9 |    19 |    12 ||    50
       Potion            |       |       |       |       |     1 |     3 ||     4
 Stab: Paralysed         |       |       |     7 |       |       |       ||     7
       Petrified         |       |       |       |       |     4 |       ||     4
       Invisible         |       |       |       |       |     3 |       ||     3
       Confused          |       |       |       |       |     1 |       ||     1
  Eat: Chunk             |     1 |     8 |     9 |    19 |    23 |    13 ||    73
       Ration            |       |       |       |       |     4 |     1 ||     5
Armor: Scale mail        |    88 |   114 |       |       |       |       ||   202
       Chain mail        |       |    51 |    66 |       |    84 |       ||   201
       Troll leather arm |       |       |    46 |   174 |   348 |   373 ||   941
       Skin              |       |       |     5 |       |       |       ||     5
Dodge: Dodged            |    55 |    82 |    61 |   173 |   455 |   447 ||  1273
       Deflected         |       |       |       |       |     5 |    85 ||    90
Block: Shield            |    87 |   136 |   146 |   338 |   759 |   784 ||  2250

Table legend:
 A = Non-vault XP
 B = Vault XP
 C = Vault XP percentage of total XP
 D = Non-vault monster count
 E = Vault monster count
 F = Vault count percentage of total count
                 A         B        C        D         E       F
            +---------+---------+-------+---------+---------+-------
      Total |  154914 |  110428 |  41.6 |     639 |     331 |  34.1
            +---------+---------+-------+---------+---------+-------
        D:1 |      55 |       0 |   0.0 |      29 |       0 |   0.0
        D:2 |     120 |      33 |  21.6 |      27 |      11 |  28.9
        D:3 |     132 |       0 |   0.0 |      21 |       0 |   0.0
        D:4 |     260 |     141 |  35.2 |      12 |       6 |  33.3
        D:5 |     400 |     127 |  24.1 |      13 |       5 |  27.8
        D:6 |     565 |     562 |  49.9 |       8 |       4 |  33.3
        D:7 |    1866 |     840 |  31.0 |      17 |       4 |  19.0
        D:8 |    2176 |     949 |  30.4 |      29 |       6 |  17.1
        D:9 |    1567 |    1963 |  55.6 |      26 |      12 |  31.6
       D:10 |    2605 |     371 |  12.5 |      21 |      13 |  38.2
       D:11 |    2317 |    4155 |  64.2 |      18 |       8 |  30.8
       D:12 |    9359 |     800 |   7.9 |      48 |       1 |   2.0
       D:13 |    3474 |    1288 |  27.0 |      13 |       1 |   7.1
       D:14 |    6901 |    7955 |  53.5 |      23 |       8 |  25.8
     Lair:1 |    6013 |    1526 |  20.2 |      20 |       5 |  20.0
     Lair:2 |    2498 |       0 |   0.0 |      16 |       0 |   0.0
     Lair:3 |    4150 |     999 |  19.4 |      18 |       1 |   5.3
     Lair:4 |    9110 |    2617 |  22.3 |      29 |       8 |  21.6
     Lair:5 |    6866 |     990 |  12.6 |      24 |       2 |   7.7
     Lair:6 |    3050 |   16812 |  84.6 |      11 |      33 |  75.0
   Shoals:1 |   13660 |    3679 |  21.2 |      28 |       9 |  24.3
    Snake:1 |   16605 |    6762 |  28.9 |      30 |      16 |  34.8
    Snake:2 |   17202 |       0 |   0.0 |      29 |       0 |   0.0
    Snake:3 |   26492 |     632 |   2.3 |      52 |       2 |   3.7
    Snake:4 |   12839 |   38440 |  75.0 |      27 |      55 |  67.1
      Orc:1 |    1793 |     918 |  33.9 |      21 |      19 |  47.5
      Orc:2 |    2839 |   17046 |  85.7 |      29 |      38 |  56.7
      Sewer |       0 |     458 | 100.0 |       0 |      28 | 100.0
    Ossuary |       0 |     365 | 100.0 |       0 |      36 | 100.0
            +---------+---------+-------+---------+---------+-------

Vault maps used:
D:1:      dpeg_arrival_tiny_a, serial_aquarium, aquarium_bridge_square,
          aquarium_bridge_straight, aquarium_window_2, aquarium_window_2,
          aquarium_view_2e, aquarium_view_2a, aquarium_balcony_5b, minivault_25
D:2:      nicolae_ru_sacrificial_ziggurat, minitemple, first_ration,
          minmay_cut_off, uniq_robin
D:3:      gammafunk_ghost_mausoleum
D:4:      cheibrodos_ashenzari_chains, minmay_temple_entry_slanted,
          gup_sewer_entry_bubbles, hangedman_decor_push, roderic_lattice_a,
          minmay_quantized
D:5:      minmay_inner_zag, serial_shops, nicolae_shop_behind_doors
D:6:      marbit_many_paths, basic_altar, uniq_edmund, uniq_blork_the_orc,
          uniq_sigmund
D:7:      kennysheep_ying_yang, nicolae_tso_swordbearing_angel, uniq_duvessa,
          uniq_joseph, uniq_menkaure
D:8:      lightli_temple_of_fire, due_lair_maze_entry_diamond,
          chequers_ossuary_entry_cave, lemuel_flame_loot_1
D:9:      gammafunk_ghost_nasty_kobolds, serial_co_window_serial,
          co_window_cross_1, co_window_paths_a, co_window_of_opportunity_a,
          co_window_paths_a, co_window_corner_a, co_window_of_opportunity_b,
          co_window_2corner, co_window_broadway_c, glass_columns_c,
          glass_columns_a, glass_columns_a, glass_columns_a
D:10:     erik_orc_3
D:11:     grunt_tengu_nest, nicolae_dithmenos_through_a_glass_darkly, uniq_grum,
          uniq_erolcha, uniq_maurice, uniq_erica, uniq_psyche
D:12:     minmay_misc_feat_secret_circle, minmay_misc_feat_ornament,
          uniq_nergalle
D:13:     uniq_nessos
D:14:     erik_vaults_2, basic_altar, lemuel_round_altar
D:15:     hangedman_depths_entry_civil_slaughter, gammafunk_ghost_necromancy,
          chequers_serial_rivers_micro_b, uniq_josephine
Temple:   dshaligram_water_room_temple
Lair:1:   grunt_megastairs_2, minmay_lair_oklob_chamber
Lair:3:   grunt_megastairs_1, uniq_fannar
Lair:4:   gammafunk_lair_enchanted_lake, minmay_shoals_entry_hut,
          guppyfry_snake_entry_garden, gammafunk_ghost_arena
Lair:5:   st_stairs_8, nicolae_quartered_pool_super,
          chequers_serial_rivers_marsh, chequers_serial_rivers_micro_e,
          grunt_megastairs_4
Lair:6:   grunt_lair_end_beastmaster, dpeg_slime_entry_enclosed_altar,
          gammafunk_ghost_icy, wad_woods_06, uniq_rupert
Shoals:1: hangedman_shoal_volcano
Snake:1:  st_stairs_10, serial_bayou_pond_c, hangedman_snake_corridor_split
Snake:3:  serial_bayou_lagoon_a
Snake:4:  grunt_snake_rune_pools, corexii_hall_statues_u
Orc:1:    cheibrodos_orc_bank
Orc:2:    st_orc_ogre_mass, nicolae_alphabet_shops
Sewer:    sewer_co_tree
Ossuary:  minmay_ossuary_two_tombs

Table legend:
 A = Turns spent in this place as a percentage of turns spent in the entire game.
 B = Non-inter-level travel turns spent in this place as a percentage of non-inter-level travel turns spent in the entire game.
 C = Inter-level travel turns spent in this place as a percentage of turns spent in this place.
 D = Turns resting spent in this place as a percentage of non-inter-level travel turns spent in this place.
 E = Turns spent auto-exploring this place as a percentage of non-inter-level travel turns spent in this place.
 F = Non-inter-level travel turns spent in this place divided by the number of levels of this place that you've seen.
                   A       B       C       D       E      F
               +-------+-------+-------+-------+-------+----------------------
         Total | 100.0 | 100.0 |   6.8 |  12.8 |  58.5 | 774.7
       Dungeon |  45.9 |  46.3 |   5.9 |  12.9 |  61.0 | 741.7
        Temple |   0.3 |   0.2 |  44.4 |   0.0 |  95.0 |  40.0
          Lair |  23.4 |  22.7 |   9.6 |   5.3 |  67.6 | 910.0
        Shoals |   2.0 |   2.1 |   0.2 |   1.6 |  51.9 | 513.0
     Snake Pit |  18.0 |  18.2 |   5.9 |  21.8 |  45.5 | 1093.2
  Orcish Mines |   6.6 |   6.4 |   9.7 |  17.7 |  51.7 | 772.5
         Sewer |   2.8 |   3.0 |   0.0 |  17.2 |  51.7 | 725.0
       Ossuary |   0.9 |   1.0 |   0.0 |   0.0 |  45.7 | 234.0
               +-------+-------+-------+-------+-------+----------------------

Table legend:
 A = Kills in this place as a percentage of kills in entire the game.
 B = Kills by you in this place as a percentage of kills by you in the entire game.
 C = Kills by friends in this place as a percentage of kills by friends in the entire game.
 D = Other kills in this place as a percentage of other kills in the entire game.
 E = Experience gained in this place as a percentage of experience gained in the entire game.
 F = Experience gained in this place divided by the number of levels of this place that you have seen.
                   A       B       C       D       E      F
               +-------+-------+-------+-------+-------+----------------------
         Total | 100.0 | 100.0 | 100.0 | 100.0 | 100.0 | 8559.4
       Dungeon |  39.6 |  39.8 |   0.0 |   0.0 |  19.2 | 3398.7
          Lair |  17.2 |  17.3 |   0.0 |   0.0 |  20.6 | 9105.2
        Shoals |   3.8 |   3.7 |   0.0 |  50.0 |   6.5 | 17339.0
     Snake Pit |  21.8 |  21.5 | 100.0 |  50.0 |  44.8 | 29743.0
  Orcish Mines |  11.0 |  11.1 |   0.0 |   0.0 |   8.5 | 11298.0
         Sewer |   2.9 |   2.9 |   0.0 |   0.0 |   0.2 | 458.0
       Ossuary |   3.7 |   3.7 |   0.0 |   0.0 |   0.1 | 365.0
               +-------+-------+-------+-------+-------+----------------------
